 Dungeon Crawl Stone Soup version 0.20.1-1-g8b1a95d66d (webtiles) character file.

82520 Gargoyl the Cleaver (level 15, -1/131 HPs)
             Began as a Centaur Abyssal Knight on Nov 25, 2017.
             Was the Champion of Lugonu.
             Slain by a cyan ugly thing (12 damage)
             ... on level 14 of the Dungeon on Nov 27, 2017.
             The game lasted 01:05:19 (28870 turns).

Gargoyl the Cleaver (Centaur Abyssal Knight)       Turns: 28870, Time: 01:05:20

Health: -1/131     AC: 13    Str: 16    XL:     15   Next: 29%
Magic:  24/24      EV: 16    Int: 14    God:    Lugonu [******]
Gold:   1955       SH:  3    Dex: 18    Spells: 14/14 levels left

rFire    . . .     SeeInvis .   q - +1 battleaxe (freeze)
rCold    . . .     Gourm    .   (shield currently unavailable)
rNeg     + . .     Faith    .   m - +0 plate armour
rPois    +         Spirit   .   N - +2 hat {Int+3}
rElec    .         Reflect  +   s - +0 cloak "Cankuifo" {-Cast rPois rN+ Dex+4}
rCorr    .         Harm     .   d - +2 pair of gloves
MR       +....     NoCast   +   (no barding)
Stlth    ..........             J - +3 amulet of reflection
Regen    0.8/turn               o - +5 ring of evasion
MPRegen  0.2/turn               C - +4 ring of evasion

@: corroded, very quick
A: hooves 3, repulsion field 1, rugged brown scales 1, deformed body, speed 2,
regeneration 1, tough skin 3
a: Depart the Abyss, Bend Space, Banish, Corrupt, Enter the Abyss, Brand Weapon
With Distortion, Renounce Religion


You were on level 14 of the Dungeon.
You worshipped Lugonu.
Lugonu was exalted by your worship.
You were not hungry.

You visited 2 branches of the dungeon, and saw 20 of its levels.
You visited the Abyss 1 time.
You also visited: Ice Cave.

You collected 2067 gold pieces.
You spent 112 gold pieces at shops.

Inventory:

Hand Weapons
 a - a +2 hand axe
 q - a +1 battleaxe of freezing (weapon)
 t - a +3 war axe
 y - the +7 arbalest "Uranecri" {freeze, rPois rF+ rN+ Str+3}
   (You found it on level 6 of the Lair of Beasts)

   It causes projectiles fired from it to freeze those they strike, causing
   extra injury to most foes and up to half again as much damage against
   particularly susceptible opponents.
   They can also slow down cold-blooded creatures.
   It affects your strength (+3).
   It protects you from fire.
   It protects you from poison.
   It protects you from negative energy.
Missiles
 x - 13 tomahawks (quivered)
 B - 22 bolts
Armour
 d - a +2 pair of gloves (worn)
 m - a +0 plate armour (worn)
 s - the +0 cloak "Cankuifo" (worn) {-Cast rPois rN+ Dex+4}
   (You found it on level 6 of the Lair of Beasts)

   It affects your dexterity (+4).
   It protects you from poison.
   It protects you from negative energy.
   It prevents spellcasting.
 N - a +2 hat of intelligence (worn)
Jewellery
 o - a +5 ring of evasion (left hand)
 w - an uncursed ring of positive energy
 C - a +4 ring of evasion (right hand)
 D - an uncursed ring of protection from cold
 H - an uncursed ring of flight
 J - a +3 amulet of reflection (around neck)
 P - an uncursed ring of resist corrosion
Wands
 R - a wand of random effects (22/48)
Scrolls
 e - 12 scrolls of remove curse
 f - 4 scrolls of blinking
 g - 14 scrolls of teleportation
 k - a scroll of amnesia
 r - 7 scrolls of identify
 z - 2 scrolls of recharging
 K - a scroll of summoning
 L - a scroll of magic mapping
 Q - 3 scrolls of fear
 S - a scroll of fog
 T - a scroll of silence {unknown}
 U - a scroll of enchant weapon
Potions
 b - 9 potions of curing
 h - 2 potions of brilliance
 l - 2 potions of magic
 p - 4 potions of berserk rage
 u - 8 potions of heal wounds
 v - 4 potions of mutation
 E - 3 potions of invisibility
 F - 4 potions of agility
 G - a potion of cancellation {unknown}
 I - 2 potions of resistance
 O - 3 potions of flight
Books
 n - a book of Cantrips

   Spells                             Type                      Level
   a - Confusing Touch                Hexes                        1
   b - Animate Skeleton               Necromancy                   1
   c - Summon Small Mammal            Summoning                    1
   d - Apportation                    Translocation                1
Miscellaneous
 j - a lightning rod (3/4)
Comestibles
 c - 4 bread rations
 i - 12 meat rations
 A - 22 royal jellies
 M - 22 fruits
 V - 7 chunks of flesh


   Skills:
 + Level 10.6 Fighting
 + Level 14.8 Axes
 + Level 1.0 Crossbows
 + Level 1.3 Throwing
 * Level 11.8 Armour
 + Level 2.3 Dodging
 * Level 13.2 Invocations
 + Level 1.0 Evocations


You had 14 spell levels left.
You didn't know any spells.

Dungeon Overview and Level Annotations

Branches:
Dungeon (14/15)            Temple (0/1) D:7            Lair (6/6) D:9
 Shoals (0/4) Lair:4       Spider (0/4) Lair:3        Slime (0/5) Lair:6
    Orc (0/2) D:11         Vaults (0/5) D:14

Altars:
Ashenzari
Cheibriados
Dithmenos
Elyvilon
Makhleb
Nemelex Xobeh
Sif Muna
Uskayaw
Vehumet
Xom
Yredelemnul
Zin
The Shining One
Jiyva

Shops:
D:10 !

Portals:
Trove: D:11 (give +6 demon blade)

Annotations:
Abyss:1 Nessos


Innate Abilities, Weirdness & Mutations

You have hooves in place of feet.
Armour fits poorly on your strangely shaped body.
You cover ground very quickly.
You have extremely tough skin. (AC +3)
You are surrounded by a mild repulsion field. (EV +2)
You are partially covered in rugged brown scales. (AC +1, +3% HP)
Your natural rate of healing is unusually fast.


Message History

The cyan ugly thing punches you!
* * * LOW HITPOINT WARNING * * *
The cyan ugly thing shocks you!
* * * LOW HITPOINT WARNING * * *
You slash the cyan ugly thing! You freeze the cyan ugly thing.
You kick the cyan ugly thing, but do no damage.
The cyan ugly thing is severely wounded.
You slash the cyan ugly thing! You freeze the cyan ugly thing.
You hit the brown ugly thing but do no damage.
The brown ugly thing basks in the mutagenic energy from its kin and changes!
The cyan ugly thing closely misses you.
The cyan ugly thing punches you but does no damage.
You closely miss the cyan ugly thing. Your kick misses the cyan ugly thing.
The cyan ugly thing is severely wounded.
You closely miss the cyan ugly thing. You hit the cyan ugly thing.
You freeze the cyan ugly thing. The cyan ugly thing misses you.
The cyan ugly thing claws you!
* * * LOW HITPOINT WARNING * * *
The cyan ugly thing shocks you!
You die...

#..##....######
##..##....###### #..#
#.......(......# ...#
##..............##...#
...............##...#
###............##.[.#
#.....########...#
##....########...#
#.........†[u@.#
##..........uu.#
#...########### #####


You could see 3 ugly things.

Vanquished Creatures
  Gastronok (Lair:2)
  A dire elephant (Lair:6)
  Snorg (D:10)
  Erolcha (D:13)
  A hydra (Lair:3)
  A vault guard (D:14)
  Erica (D:10)
  3 centaur warriors (D:13)
  An anaconda (Lair:6)
  8 two-headed ogres
  11 death yaks
  Nergalle (Lair:2)
  A wolf spider zombie (D:12)
  An orc knight (D:13)
  A cyclops (D:14)
  2 ugly things (D:14)
  A manticore (D:12)
  Joseph (D:7)
  6 black mambas
  13 elephants
  A spiny frog (shapeshifter) (D:12)
  2 ice statues (IceCv)
  A torpor snail (Lair:4)
  15 spiny frogs
  4 rime drakes
  An efreet (D:13)
  5 komodo dragons
  5 trolls
  3 meliai
  A queen bee (Lair:4)
  Grinder (D:6)
  8 blink frogs
  A slime creature (Lair:6)
  A dream sheep (Lair:5)
  10 hippogriffs
  53 yaks
  A tarantella (Lair:3)
  4 basilisks
  3 wyverns
  A hungry ghost (D:10)
  2 soldier ants (D:8)
  An acid dragon (D:14)
  19 water moccasins
  4 porcupines
  A meliai simulacrum (D:14)
  5 sky beasts
  32 ice beasts
  2 necrophages
  10 ogres
  16 orc warriors
  3 black bears
  4 phantoms
  11 centaurs
  2 wolves
  15 crocodiles
  17 bullfrogs
  A gnoll sergeant (D:11)
  A water moccasin zombie (D:10)
  3 scorpions
  A water moccasin skeleton (D:6)
  78 killer bees
  5 electric eels
  22 wights
  4 howler monkeys
  10 crimson imps
  6 centaur zombies
  A quasit (D:8)
  20 orc wizards
  7 hounds
  9 orc priests
  3 bullfrog skeletons (D:8)
  4 iguanas
  5 jellies
  4 centaur skeletons
  Natasha (thrice) (D:3)
  3 hell rats (Lair:2)
  10 worker ants
  Terence (D:3)
  A bullfrog simulacrum (D:12)
  5 gnolls (D:11)
  22 adders
  3 river rats (Lair:2)
  5 shadow imps
  2 white imps (D:12)
  2 oozes
  An adder zombie (D:9)
  2 adder skeletons
  3 worms
  3 dart slugs
  10 leopard geckos
  53 orcs
  4 ball pythons
  9 giant cockroaches
  9 goblins
  14 hobgoblins
  11 jackals
  8 quokkas
  9 bats
  6 frilled lizards
  5 kobolds
  A quokka skeleton (D:9)
  A quokka zombie (D:8)
  13 rats
  4 fungi
  5 plants
734 creatures vanquished.

Vanquished Creatures (others)
  3 dire elephants (Lair:6)
  An ice dragon (IceCv)
  7 hydras
  2 oklob plants (Lair:4)
  A komodo dragon (Lair:5)
  A sky beast (D:6)
  An electric eel (D:9)
  2 orc wizards
  7 fungi
  17 plants
42 creatures vanquished.

Grand Total: 776 creatures vanquished

Notes
Turn   | Place    | Note
-------+----------+-------------------------------------------
     0 | Abyss:1  | Gargoyl the Centaur Abyssal Knight began the quest for the Orb.
     0 | Abyss:1  | Reached XP level 1. HP: 19/19 MP: 2/2
   116 | Abyss:1  | Noticed a freezing wraith
   119 | D:1      | Escaped the Abyss
   358 | D:1      | Reached XP level 2. HP: 26/26 MP: 3/3
   390 | D:1      | Reached * piety under Lugonu
   390 | D:1      | Reached skill level 2 in Axes
   736 | D:1      | Reached XP level 3. HP: 31/31 MP: 4/4
  1266 | D:2      | Noticed an ogre
  1275 | D:2      | Reached ** piety under Lugonu
  1277 | D:2      | Killed an ogre
  1277 | D:2      | Reached skill level 3 in Axes
  1277 | D:2      | Reached skill level 1 in Dodging
  1277 | D:2      | Reached XP level 4. HP: 20/40 MP: 6/6
  1277 | D:2      | Reached XP level 5. HP: 23/46 MP: 7/7
  1555 | D:2      | Found a sparkling altar of Nemelex Xobeh.
  1555 | D:2      | Found a radiant altar of Vehumet.
  1556 | D:2      | Found a hide-covered altar of Uskayaw.
  1871 | D:3      | Noticed Terence
  1885 | D:3      | Killed Terence
  1964 | D:3      | Found a deep blue altar of Sif Muna.
  1981 | D:3      | Noticed Natasha
  1994 | D:3      | Killed Natasha
  2104 | D:3      | Reached XP level 6. HP: 52/52 MP: 8/8
  2269 | D:3      | Noticed Natasha
  2280 | D:3      | Killed Natasha
  2589 | D:3      | Reached *** piety under Lugonu
  2822 | D:3      | Reached skill level 4 in Axes
  2938 | D:3      | Noticed Natasha
  2948 | D:3      | Killed Natasha
  3265 | D:4      | Found a shadowy altar of Dithmenos.
  3837 | D:4      | Reached XP level 7. HP: 51/59 MP: 9/9
  4121 | D:5      | Entered Level 5 of the Dungeon
  4255 | D:5      | Found a shattered altar of Ashenzari.
  4434 | D:5      | Found a burning altar of Makhleb.
  5015 | D:5      | Reached skill level 5 in Axes
  5015 | D:5      | Reached XP level 8. HP: 67/67 MP: 11/11
  5065 | D:5      | Found a shimmering altar of Xom.
  6117 | D:6      | Reached skill level 5 in Armour
  6131 | D:6      | Reached skill level 5 in Fighting
  6332 | D:6      | Noticed Grinder
  6345 | D:6      | Killed Grinder
  6345 | D:6      | Reached skill level 6 in Axes
  6345 | D:6      | Reached skill level 5 in Invocations
  6647 | D:6      | Reached XP level 9. HP: 38/74 MP: 12/12
  7069 | D:6      | Found a snail-covered altar of Cheibriados.
  7069 | D:6      | Found a shimmering altar of Xom.
  7128 | D:6      | Got a warped hand crossbow
  7215 | D:4      | Identified the +6 hand crossbow of Lunic {freeze, *Slow MR+ Dex+4} (You found it on level 6 of the Dungeon)
  8135 | D:7      | Reached **** piety under Lugonu
  8226 | D:7      | Noticed Joseph
  8552 | D:7      | Killed Joseph
  8552 | D:7      | Reached skill level 7 in Axes
  8794 | D:7      | Gained mutation: You are partially covered in slimy green scales. (AC +2) [mutagenic meat]
  8795 | D:7      | Gained mutation: You do not regenerate when monsters are visible. [mutagenic meat]
  8797 | D:7      | Gained mutation: You are occasionally teleported next to monsters. [mutagenic meat]
  8906 | D:7      | Lost mutation: You do not regenerate when monsters are visible. [potion of mutation]
  8906 | D:7      | Lost mutation: You are partially covered in slimy green scales. (AC +2) [potion of mutation]
  8906 | D:7      | Lost mutation: You are occasionally teleported next to monsters. [potion of mutation]
  8906 | D:7      | Gained mutation: Your natural rate of healing is unusually fast. [potion of mutation]
  8906 | D:7      | Gained mutation: You are surrounded by a mild repulsion field. (EV +2) [potion of mutation]
  8906 | D:7      | Gained mutation: You are partially covered in rugged brown scales. (AC +1, +3% HP) [potion of mutation]
  9083 | D:7      | Found a staircase to the Ecumenical Temple.
  9354 | D:8      | Noticed a two-headed ogre
  9588 | D:8      | Noticed a two-headed ogre
  9609 | D:8      | Killed a two-headed ogre
  9609 | D:8      | Reached XP level 10. HP: 50/84 MP: 14/14
  9721 | D:8      | Reached skill level 8 in Axes
  9738 | D:8      | Killed a two-headed ogre
 10056 | D:8      | Found a deep blue altar of Sif Muna.
 10248 | D:9      | Noticed a two-headed ogre
 10363 | D:8      | Killed a two-headed ogre
 10363 | D:8      | Reached skill level 9 in Axes
 11041 | D:8      | Reached ***** piety under Lugonu
 11041 | D:8      | Reached XP level 11. HP: 86/92 MP: 16/16
 11662 | D:9      | Found a staircase to the Lair.
 11709 | D:9      | Found a glowing silver altar of Zin.
 11709 | D:9      | Found a glowing golden altar of the Shining One.
 11710 | D:9      | Found a white marble altar of Elyvilon.
 11871 | D:9      | Noticed a two-headed ogre
 11882 | D:9      | Killed a two-headed ogre
 12782 | Lair:1   | Entered Level 1 of the Lair of Beasts
 12782 | Lair:1   | Noticed an eight-headed hydra
 12784 | Lair:1   | Banished an eight-headed hydra
 12784 | Lair:1   | Reached skill level 10 in Axes
 14353 | Lair:2   | Reached XP level 12. HP: 57/103 MP: 18/18
 14614 | Lair:2   | Noticed Nergalle
 14638 | Lair:2   | Killed Nergalle
 14685 | Lair:2   | You fall through a shaft!
 15098 | Lair:2   | Noticed Gastronok
 15112 | Lair:2   | Killed Gastronok
 15112 | Lair:2   | Reached skill level 11 in Axes
 15268 | Lair:3   | Noticed a four-headed hydra
 15275 | Lair:3   | Killed an eight-headed hydra
 15509 | Lair:3   | Found a hole to the Spider Nest.
 15902 | Lair:3   | Noticed a seven-headed hydra
 15903 | Lair:3   | Banished a seven-headed hydra
 16090 | Lair:4   | Found a staircase to the Shoals.
 16164 | Lair:4   | Noticed a seven-headed hydra
 16164 | Lair:4   | Noticed a seven-headed hydra
 16172 | Lair:4   | Banished a seven-headed hydra
 16175 | Lair:4   | Banished a seven-headed hydra
 16218 | Lair:4   | Noticed a six-headed hydra
 16238 | Lair:4   | Banished a seven-headed hydra
 16256 | Lair:4   | Reached skill level 10 in Armour
 16799 | Lair:4   | Reached skill level 10 in Invocations
 16857 | Lair:4   | Found a basalt altar of Yredelemnul.
 17244 | Lair:4   | Reached XP level 13. HP: 78/110 MP: 20/20
 17274 | Lair:4   | Reached skill level 12 in Axes
 17469 | Lair:4   | Reached skill level 1 in Throwing
 17469 | Lair:4   | Reached skill level 1 in Evocations
 19370 | Lair:5   | Got an encrusted spear
 19383 | Lair:5   | Identified the +7 spear "Goblinslayer" {flame, MR+ Int+6} (You found it on level 5 of the Lair of Beasts)
 19731 | Lair:6   | Entered Level 6 of the Lair of Beasts
 19958 | Lair:6   | Found a white marble altar of Elyvilon.
 19968 | Lair:6   | Found a viscous altar of Jiyva.
 19969 | Lair:6   | Found a staircase to the Slime Pits.
 20152 | Lair:5   | Reached skill level 13 in Axes
 20690 | Lair:6   | Got a brightly glowing cloak
 20701 | Lair:6   | Identified the +0 cloak "Cankuifo" {-Cast rPois rN+ Dex+4} (You found it on level 6 of the Lair of Beasts)
 20790 | Lair:6   | Noticed Nessos
 20817 | Lair:6   | Banished Nessos
 21128 | Lair:6   | Reached XP level 14. HP: 38/120 MP: 22/22
 22286 | Lair:6   | Got a bone arbalest
 22287 | Lair:6   | Identified the +7 arbalest "Uranecri" {freeze, rPois rF+ rN+ Str+3} (You found it on level 6 of the Lair of Beasts)
 23237 | D:10     | Entered Level 10 of the Dungeon
 23268 | D:10     | Found Lopuwaan's Distillery.
 23276 | D:10     | Bought a potion of heal wounds for 70 gold pieces
 23276 | D:10     | Bought a potion of curing for 42 gold pieces
 23352 | D:10     | Reached skill level 10 in Fighting
 23465 | D:10     | Noticed Erica
 23474 | D:10     | Killed Erica
 23863 | D:10     | Noticed Snorg
 23867 | D:10     | Killed Snorg
 24355 | D:11     | Found a portal to a secret trove of treasure.
 24788 | D:11     | Found a staircase to the Orcish Mines.
 24964 | D:11     | Reached skill level 14 in Axes
 25524 | D:12     | Found a frozen archway.
 25550 | IceCv    | Entered an ice cave
 25640 | IceCv    | Reached ****** piety under Lugonu
 26226 | IceCv    | Got a heavily runed iron ring
 26402 | D:12     | Identified the cursed ring "Vihiawuenk" {rN+ Str-3} (You found it in an ice cave)
 27100 | D:13     | Reached XP level 15. HP: 104/131 MP: 24/24
 27244 | D:13     | Reached skill level 1 in Crossbows
 27959 | D:13     | Noticed Erolcha
 27977 | D:13     | Killed Erolcha
 28730 | D:14     | Found a gate to the Vaults.
 28870 | D:14     | Slain by a cyan ugly thing

Skill      XL: |  1  2  3  4  5  6  7  8  9 10 11 12 13 14 15 |
---------------+----------------------------------------------+-----
Axes           | 2 3 4 5 6 7 9 10 11 13 14 | 14.8
Armour         | 2 3 4 5 7 9 10 11 | 11.8
Dodging        | 1 2 |  2.3
Invocations    | 3 4 5 6 7 8 10 11 13 | 13.2
Fighting       | 4 5 6 7 8 9 10 | 10.6
Throwing       | 1 |  1.3
Evocations     | 1 |  1.0
Crossbows      | 1 |  1.0

Action                   |  1- 3 |  4- 6 |  7- 9 | 10-12 | 13-15 || total
-------------------------+-------+-------+-------+-------+-------++-------
Melee: Hand axe          |   104 |   210 |   473 |       |       ||   787
       Kick              |    20 |    47 |   130 |   215 |   451 ||   863
       Battleaxe         |       |       |    17 |  1002 |  1151 ||  2170
       War axe           |       |       |       |       |    77 ||    77
 Fire: Arbalest          |       |       |       |       |     8 ||     8
Throw: Tomahawk          |       |       |       |    13 |     8 ||    21
Invok: Depart the Abyss  |     1 |       |       |       |       ||     1
       Bend Space        |       |       |     1 |     2 |     1 ||     4
       Banish            |       |       |       |    11 |    28 ||    39
Evoke: Wand              |       |     2 |     7 |       |     3 ||    12
       Lightning rod     |       |       |       |       |     1 ||     1
  Use: Potion            |     1 |       |     5 |       |     2 ||     8
       Scroll            |     8 |     1 |     6 |    11 |     9 ||    35
  Eat: Chunk             |     1 |     5 |    14 |    22 |    28 ||    70
       Bread ration      |       |     1 |     1 |     1 |     3 ||     6
Armor: Leather armour    |     9 |       |       |       |       ||     9
       Ring mail         |    53 |     1 |       |       |       ||    54
       Plate armour      |       |   142 |   279 |   802 |   697 ||  1920
       Skin              |       |       |    25 |       |       ||    25
Dodge: Dodged            |    68 |    99 |   221 |  1419 |  1074 ||  2881
Block: Other             |       |       |       |       |    97 ||    97
       Reflection        |       |       |       |       |    14 ||    14
